 Dungeon Crawl Stone Soup version 0.28-a0-1038-g9c4cb8273d (webtiles) character file.

Game seed: 3910155230591816558

73 fragbeetle the Ruffian (level 4, -5/35 HPs)
             Began as a Draconian Transmuter on Dec 8, 2021.
             Slain by Grinder (8 damage)
             ... while paralysed by Grinder
             ... on level 3 of the Dungeon.
             The game lasted 00:04:45 (1973 turns).

fragbeetle the Ruffian (Draconian Transmuter)       Turns: 1973, Time: 00:04:45

Health: -5/35      AC:  2    Str: 12    XL:     4   Next: 8%
Magic:  5/7        EV:  5    Int: 16    God:
Gold:   41         SH:  0    Dex: 16    Spells: 3/7 levels left

rFire   . . .      SeeInvis .     - Unarmed
rCold   . . .      Faith    .   (shield currently unavailable)
rNeg    . . .      Spirit   .   (armour unavailable)
rPois   x          Reflect  .   (helmet currently unavailable)
rElec   .          Harm     .   (cloak currently unavailable)
rCorr   .          Rampage  .   (gloves currently unavailable)
Will    .....                   (boots currently unavailable)
Stlth   +.........              (no amulet)
HPRegen 0.11/turn               (no ring)
MPRegen 0.10/turn               (no ring)

@: paralysed, spider-form (expiring)
A: venomous fangs, AC +5, tiny, unfitting armour, (cold-blooded)
a: End Transformation


You were on level 3 of the Dungeon.
You were a venomous arachnid creature.
You visited 1 branch of the dungeon, and saw 4 of its levels.

You collected 41 gold pieces.

Inventory:

Hand Weapons
 a - a +1 whip of freezing
Magical Staves
 i - a staff of fire
Jewellery
 j - a ring of ice
Scrolls
 b - 2 scrolls of identify {unknown}
 d - a scroll of immolation {unknown}
 f - a scroll of silence {unknown}
 g - 2 scrolls of teleportation {unknown}
 h - a scroll of brand weapon {unknown}
Potions
 c - a potion of curing {unknown}
 e - a potion of might {unknown}


   Skills:
 + Level 1.2 Fighting
 * Level 2.3 Dodging
 + Level 3.6 Unarmed Combat
 - Level 2.0 Spellcasting
 * Level 3.3 Transmutations


You had 3 spell levels left.
You knew the following spells:

 Your Spells              Type           Power      Damage    Failure   Level
a - Beastly Appendage     Tmut           24%        N/A       16%         1
b - Spider Form           Tmut/Pois      7%         N/A       52%         3

Your spell library contained the following spells:

 Spells                   Type           Power      Damage    Failure   Level
 Wereblood                Tmut           12%        N/A       21%         2
 Ice Form                 Ice/Tmut       7%         N/A       87%         4


Dungeon Overview and Level Annotations

Branches:
Dungeon (4/15)
 Temple: D:4-7

Altars:
Qazlal

Shops:
D:1 [

Annotations:
D:3 Grinder
D:4 Sigmund


Innate Abilities, Weirdness & Mutations

You are a venomous arachnid creature.
You have poisonous fangs.
You are tiny and dextrous.
Your spellcasting is less reliable in this form.
Your armour is entirely melded.
You are incapable of wielding weapons or throwing items.
((Your plain brown scales are hard. (AC +5)))
You cannot fit into any form of body armour.
((You are cold-blooded and may be slowed by cold attacks.))


Message History

Grinder comes into view.
Grinder shouts!
You see here 10 gold pieces.
Grinder gestures at you.
You suddenly lose the ability to move!
You can move again.
Casting: Beastly Appendage (safe; 5% risk of failure)
Confirm with . or Enter, or press ? or * to list all spells.
The spell is quite dangerous to miscast (30% risk of failure)!
Continue anyway?
You turn into a venomous arachnid creature.
You barely miss Grinder. You hit Grinder.
Grinder is lightly wounded.
Grinder hits you!
You writhe in agony.
You hit Grinder.
Grinder is lightly wounded.
Grinder hits you.
You writhe in agony.
You hit Grinder.
Grinder is lightly wounded.
Your transformation is almost over.
Grinder hits you.
You writhe in agony.
You barely miss Grinder.
Grinder is lightly wounded.
Grinder completely misses you.
You hit Grinder.
Grinder is lightly wounded.
Grinder gestures at you. You resist with significant effort.
You barely miss Grinder.
Grinder is lightly wounded.
Grinder gestures at you.
You suddenly lose the ability to move!
Grinder barely misses you. Grinder gestures at you.
You shrug off the repeated paralysis!
Grinder gestures at you. Pain shoots through your body!
* * * LOW HITPOINT WARNING * * *
Grinder hits you!
You die...

#.............######
###.............. #
#..####'####### .. #.#
#.....##
##.#######.####.....##
...........#.###.....##
#......##.#..###.....##
#......##.'...###.....#
#.....5s..#....####)###
#.######..#.....#.....#
##.##....#.....#
#.###...'.[...+ #.#
##..#..)..# ..#
##.#.....# ..#
#####+### #.+ .#


You could see Grinder.

Vanquished Creatures
  4 adders
  An adder skeleton (D:4)
  A dart slug (D:2)
  2 ball pythons (D:1)
  An endoplasm (D:1)
  4 giant cockroaches
  3 goblins
  3 hobgoblins
  A quokka (D:2)
  3 bats
  6 kobolds
  4 rats
  A spectral kobold (D:1)
34 creatures vanquished.

Notes
Turn   | Place    | Note
-------+----------+-------------------------------------------
     0 | D:1      | fragbeetle the Draconian Transmuter began the quest for the
                  | Orb.
     0 | D:1      | Reached XP level 1. HP: 16/16 MP: 3/3
   171 | D:1      | Reached XP level 2. HP: 23/23 MP: 3/5
   348 | D:1      | Found Urphoo's Antique Armour Shop.
   390 | D:1      | Found a faded altar of an unknown god.
   889 | D:2      | Reached XP level 3. HP: 28/28 MP: 4/6
   893 | D:2      | Learned a level 3 spell: Spider Form
   976 | D:2      | Found a stormy altar of Qazlal.
  1354 | D:2      | You fall into a shaft and drop 2 floors!
  1421 | D:4      | Noticed Sigmund
  1933 | D:3      | Reached XP level 4. HP: 35/35 MP: 5/7
  1958 | D:3      | Noticed Grinder
  1960 | D:3      | Paralysed by Grinder for 2 turns
  1969 | D:3      | Paralysed by Grinder for 7 turns
  1973 | D:3      | Slain by Grinder

Illustrated notes

Levels and vault maps discovered:
D:1:      psy_arrival_dodecagon, layout_rooms, serial_shops, shop,
          dreamdust_ecumenical_altar_drowned_temple
D:2:      layout_basic, basic_altar, kennysheep_generic_room_9
D:3:      layout_basic, mainiacjoe_overflow_cross_hatched, serial_shops,
          nicolae_shop_overgrown_old_shop, minmay_quadrilaterals, uniq_terence,
          uniq_grinder
D:4:      layout_basic, uniq_sigmund

Skill      XL: |  1  2  3 |
---------------+----------+-----
Dodging        | 2 |  2.3
Transmutations | 3 |  3.3
Fighting       | |  1.2
Unarmed Combat | |  3.6
Spellcasting   | |  2.0

Action                   |  1- 3 |  4- 6 || total
-------------------------+-------+-------++-------
Melee: Unarmed           |    99 |    11 ||   110
       Kick              |    19 |       ||    19
       Headbutt          |     5 |       ||     5
       Tailslap          |     8 |       ||     8
 Cast: Beastly Appendage |    26 |       ||    26
       Spider Form       |       |     1 ||     1
Armor: Skin              |    28 |     1 ||    29
Dodge: Dodged            |    57 |     4 ||    61

Table legend: (Time is in decaauts)
 A = Elapsed time spent in this place.
 B = Non-inter-level travel time spent in this place.
 C = Inter-level travel time spent in this place.
 D = Time resting spent in this place.
 E = Time spent auto-exploring this place.
 F = Levels seen in this place.
 G = Mean time per level.
                   A        B        C        D        E       F      G
               +--------+--------+--------+--------+--------+-----+--------+
         Total |   1975 |   1916 |     59 |    259 |   1144 |   4 |  493.8 |
       Dungeon |   1975 |   1916 |     59 |    259 |   1144 |   4 |  493.8 |
               +--------+--------+--------+--------+--------+-----+--------+

Top non-repeatable levels by time:
     D:2: 1215 daAuts
     D:1: 503 daAuts
     D:3: 140 daAuts
     D:4: 116 daAuts
